 Dungeon Crawl Stone Soup version 0.21.1-1-g345015fe64 (webtiles) character file.

2499 Peloso the Protected (level 9, -7/78 HPs)
             Began as a Minotaur Fighter on June 24, 2018.
             Killed by divine providence
             ... invoked by an orc priest
              (16 damage)
             ... on level 7 of the Dungeon.
             The game lasted 00:12:46 (5796 turns).

Peloso the Protected (Minotaur Fighter)             Turns: 5796, Time: 00:12:47

Health: -7/78      AC: 12    Str: 28    XL:     9   Next: 28%
Magic:  8/8        EV:  9    Int:  5    God:
Gold:   379        SH: 12    Dex: 11    Spells: 8/8 levels left

rFire    . . .     SeeInvis .   a - +0 long sword
rCold    . . .     Gourm    .   c - +1 shield
rNeg     . . .     Faith    .   b - +0 chain mail
rPois    .         Spirit   .   (helmet restricted)
rElec    .         Reflect  .   (no cloak)
rCorr    .         Harm     .   g - +0 pair of gloves
MR       .....                  (no boots)
Stlth    ..........             (no amulet)
HPRegen  0.23/turn              r - ring of stealth
MPRegen  0.11/turn              (no ring)

@: mighty
A: retaliatory headbutt, horns 2
a: no special abilities


You were on level 7 of the Dungeon.
You were not hungry.

You visited 2 branches of the dungeon, and saw 8 of its levels.

You collected 379 gold pieces.

Inventory:

Hand Weapons
 a - a +0 long sword (weapon)
 s - a +1 whip of flaming
Missiles
 p - 36 bolts
Armour
 b - a +0 chain mail (worn)
 c - a +1 shield (worn)
 g - a +0 pair of gloves (worn)
Jewellery
 r - a ring of stealth (left hand)
Wands
 t - a wand of iceblast (8)
 y - a wand of disintegration (12)
 B - a wand of paralysis (18)
Scrolls
 i - 7 scrolls of remove curse
 l - 2 scrolls of magic mapping
 m - 10 scrolls of identify
 n - 3 scrolls of teleportation {unknown}
 v - a scroll of immolation {unknown}
 x - 2 scrolls of fog {unknown}
 A - 2 scrolls of fear {unknown}
 D - a scroll of noise {unknown}
Potions
 h - a potion of brilliance
 j - 4 potions of curing
 k - a potion of heal wounds
 o - a potion of berserk rage
 q - 4 potions of flight
 u - 2 potions of resistance
 w - 2 potions of haste {unknown}
 z - a potion of invisibility {unknown}
Books
 e - a book of Minor Magic

   Spells                             Type                      Level
   a - Magic Dart                     Conjuration                  1
   b - Blink                          Translocation                2
   c - Call Imp                       Summoning                    2
   d - Slow                           Hexes                        2
   e - Conjure Flame                  Conjuration/Fire             3
   f - Mephitic Cloud                 Conjuration/Poison/Air       3
 E - a book of Misfortune

   Spells                             Type                      Level
   a - Confusing Touch                Hexes                        1
   b - Confuse                        Hexes                        3
   c - Gell's Gravitas                Translocation                3
   d - Petrify                        Transmutation/Earth          4
   e - Metabolic Englaciation         Hexes/Ice                    5
   f - Yara's Violent Unravelling     Hexes/Transmutation          5
Comestibles
 f - 10 rations


   Skills:
 + Level 6.6 Fighting
 + Level 8.1 Long Blades
 + Level 9.1 Armour
 + Level 4.0 Dodging
 + Level 0.8 Stealth
 + Level 7.4 Shields


You had 8 spell levels left.
You didn't know any spells.

Dungeon Overview and Level Annotations

Branches:
Dungeon (7/15)             Temple (1/1) D:5

Altars:
Ashenzari
Cheibriados
Dithmenos
Elyvilon
Fedhas
Gozag
Hepliaklqana
Kikubaaqudgha
Makhleb
Nemelex Xobeh
Qazlal
Ru
Uskayaw
Vehumet
Wu Jian
Xom
Yredelemnul
Zin
The Shining One

Shops:
D:5 [


Innate Abilities, Weirdness & Mutations

You reflexively headbutt those who attack you in melee.
You have a pair of horns on your head.


Message History

Your headbutt misses the water moccasin.
The water moccasin is severely wounded.
The water moccasin bites you but does no damage.
The orc warrior completely misses you.
The orc priest looks braver for a moment.
Your shield prevents you from hitting the water moccasin.
The water moccasin is severely wounded.
The water moccasin bites you but does no damage.
The water moccasin bites you.
* * * LOW HITPOINT WARNING * * *
You block the orc warrior's attack.
An orc warrior comes into view. It is wielding a halberd.
Unknown command.
Your chain mail prevents you from hitting the water moccasin.
The water moccasin is severely wounded.
The orc warrior shouts!
You block the water moccasin's attack.
The orc priest calls down the wrath of Beogh upon you.
Beogh smites you!
You die...

*,,,,,,,,*,**
*#.....#...#**,,,**
*,,,,,,,,*,,*
#.....#...#+#,,,*,
*,,,,,,,,**,**
#...........#,,.**
***********,,*
#.##........##.#*
,,,,,,,,*
**,**#.##...........#
,,*****,*
*,,*#.##...†......#*
*** **,*
**,*#.##....<.....#
,,* **,,*
*,,#.#############***
,,***,,,*
**,#@#*,,,,,,,,,,,,,*
,**,*,,,*
*,#S#*,***********,*
**,,,,,,* *,#o#*,*
*,*,* ,,,,,,,,*
*,#ooo.#********,,,*
,,,,**,,*
*,#Ho....o.,,,,*,,,,
,,,,**,,*
*,oooo...o.,,,,*****
,,,,**,,*
**.o...sH..,,,,* *
,,,,,,,,*
*#.o.......,,,,* *
,,,,,,,,*
****..>.......,,,,*


You could see a hippogriff, 2 orc warriors, a water moccasin, 2 orc priests, an
orc wizard and 5 orcs.

Vanquished Creatures
  Pikel (D:4)
  The ghost of Hercules1031 the Shield-Bearer, an amateur GnFi (D:4)
  Grinder (D:4)
  An orc warrior (D:7)
  An ice beast (D:5)
  The ghost of Peloso the Shield-Bearer, an amateur MiFi (D:3)
  2 sky beasts
  A centaur (D:5)
  A bullfrog (D:6)
  A wyvern skeleton (D:6)
  2 scorpions (D:4)
  6 killer bees
  A howler monkey (D:5)
  A crimson imp (D:6)
  2 orc priests
  4 bullfrog skeletons
  A gnoll shaman (D:5)
  An iguana (D:5)
  2 orc wizards
  A worker ant (D:5)
  A worker ant zombie (D:6)
  5 gnolls
  A howler monkey skeleton (D:4)
  6 adders
  A shadow imp (D:6)
  An ooze (D:5)
  An adder skeleton (D:6)
  4 worms
  3 leopard geckos
  9 orcs
  7 bats
  5 giant cockroaches
  8 goblins
  7 hobgoblins
  2 jackals (D:4)
  6 kobolds
  4 quokkas
  2 ball pythons (D:2)
  7 frilled lizards
  A leopard gecko skeleton (D:6)
  5 rats
118 creatures vanquished.

Vanquished Creatures (others)
  2 slaves (D:4)
  An orc wizard (D:4)
  A worker ant (D:4)
  An ooze (D:4)
5 creatures vanquished.

Grand Total: 123 creatures vanquished

Notes
Turn   | Place    | Note
-------+----------+-------------------------------------------
     0 | D:1      | Peloso the Minotaur Fighter began the quest for the Orb.
     0 | D:1      | Reached XP level 1. HP: 19/19 MP: 0/0
    55 | D:1      | Reached XP level 2. HP: 27/27 MP: 1/1
   188 | D:1      | Reached skill level 4 in Armour
   802 | D:2      | Reached XP level 3. HP: 33/33 MP: 2/2
   981 | D:2      | Found a burning altar of Makhleb.
  1103 | D:2      | Found a glowing silver altar of Zin.
  1291 | D:3      | Noticed Peloso's ghost (amateur MiFi)
  1317 | D:4      | Noticed a scorpion
  1332 | D:4      | Killed a scorpion
  1332 | D:4      | Reached XP level 4. HP: 20/41 MP: 3/3
  1456 | D:4      | Reached skill level 1 in Dodging
  1493 | D:4      | Noticed a slave
  1494 | D:4      | Noticed Pikel
  1494 | D:4      | Noticed a slave
  1494 | D:4      | Noticed a slave
  1496 | D:4      | Noticed a slave
  2057 | D:4      | Killed Pikel
  2057 | D:4      | Reached skill level 5 in Fighting
  2057 | D:4      | Reached skill level 5 in Long Blades
  2057 | D:4      | Reached skill level 5 in Armour
  2057 | D:4      | Reached skill level 5 in Shields
  2057 | D:4      | Reached XP level 5. HP: 16/48 MP: 4/4
  2057 | D:4      | Reached XP level 6. HP: 19/56 MP: 5/5
  2057 | D:4      | Reached XP level 7. HP: 21/61 MP: 6/6
  2330 | D:4      | Reached skill level 6 in Armour
  2353 | D:4      | Noticed Grinder
  2362 | D:4      | Killed Grinder
  2369 | D:4      | Noticed Hercules1031's ghost (amateur GnFi)
  2385 | D:4      | Killed Hercules1031's ghost
  2463 | D:4      | Reached XP level 8. HP: 70/70 MP: 7/7
  2487 | D:4      | Reached skill level 7 in Armour
  2783 | D:5      | Entered Level 5 of the Dungeon
  2991 | D:5      | Found a staircase to the Ecumenical Temple.
  3028 | Temple   | Entered the Ecumenical Temple
  3281 | D:5      | Found Lodorouj's Antique Armour Shop.
  3389 | D:5      | HP: 1/71 [ice beast (9)]
  3861 | D:5      | Found a sacrificial altar of Ru.
  4274 | D:5      | Reached skill level 8 in Armour
  4609 | D:6      | Found a shimmering altar of Xom.
  4866 | D:6      | Reached XP level 9. HP: 72/78 MP: 8/8
  5023 | D:3      | Killed Peloso's ghost
  5363 | D:3      | Found a shattered altar of Ashenzari.
  5364 | D:3      | Found an ornate altar of the Wu Jian Council.
  5758 | D:6      | Reached skill level 9 in Armour
  5796 | D:7      | Killed from afar by an orc priest

Skill      XL: |  1  2  3  4  5  6  7  8  9 |
---------------+----------------------------+-----
Armour         | 4 5 6 8 9 |  9.1
Fighting       | 4 5 6 |  6.6
Shields        | 4 5 6 7 |  7.4
Long Blades    | 3 5 6 7 8 |  8.1
Dodging        | 2 3 4 |  4.0
Stealth        | |  0.8

Action                   |  1- 3 |  4- 6 |  7- 9 || total
-------------------------+-------+-------+-------++-------
Melee: Long sword        |    93 |    37 |   313 ||   443
       Headbutt          |    12 |     5 |    61 ||    78
  Use: Scroll            |       |       |     9 ||     9
       Potion            |       |       |     4 ||     4
  Eat: Chunk             |     1 |     1 |     7 ||     9
       Ration            |       |       |     2 ||     2
Armor: Scale mail        |    41 |    17 |    17 ||    75
       Chain mail        |       |       |   115 ||   115
Dodge: Dodged            |    28 |    19 |   113 ||   160
Block: Shield            |    49 |    30 |   176 ||   255
       Rpst.: Long sword |     6 |     6 |    29 ||    41
